 Dungeon Crawl Stone Soup version 0.31-a0-986-g5e6e4ef867 (webtiles) character file.

Game seed: 10708261083014581717

129 promet the Skirmisher (level 5, 0/40 HPs)
             Began as a Gnoll Wanderer on Nov 5, 2023.
             Slain by an orc
             ... wielding a +0 falchion
              (3 damage)
             ... on level 2 of the Dungeon.
             The game lasted 00:15:02 (3143 turns).

promet the Skirmisher (Gnoll Wanderer)              Turns: 3143, Time: 00:15:02

Health: 0/40       AC:  4    Str: 10      XL:     5   Next: 12%
Magic:  16/16      EV: 11    Int: 17      God:
Gold:   104        SH:  0    Dex: 10 (11) Spells: 6/6 levels left

rFire   . . .        a - +0 spear
rCold   . . .        (no shield)
rNeg    . . .        d - +0 robe
rPois   .            (helmet restricted)
rElec   .            (no cloak)
rCorr   .            (no gloves)
SInv    .            (no boots)
Will    .....        (no amulet)
Stlth   ++           g - ring of magical power
HPRegen 0.26/turn    (no ring)
MPRegen 0.15/turn

%: random rage (3%)
@: no status effects
A: fangs 1, strong nose, distributed training, horns 1, iridescent scales 1,
berserk 1, clever 1, deterioration 1
a: no special abilities


You were on level 2 of the Dungeon.
You visited 1 branch of the dungeon, and saw 3 of its levels.

You collected 104 gold pieces.

Inventory:

Hand Weapons
 a - a +0 spear (weapon)
 b - a +3 sling
Missiles
 e - 6 atropa-tipped darts
 f - 23 stones
Armour
 d - a +0 robe (worn)
Jewellery
 g - a ring of magical power (left hand)
Scrolls
 i - a scroll of enchant armour
 j - a scroll of fear {unknown}
 k - a scroll of teleportation {unknown}
 l - a scroll of noise {unknown}
Potions
 c - a potion of degeneration {unknown}
 h - a potion of curing
 m - a potion of berserk rage {unknown}
 n - a potion of resistance {unknown}


   Skills:
 + Level 2.9 Fighting
 + Level 1.4 Short Blades
 + Level 1.4 Long Blades
 + Level 1.4 Axes
 + Level 1.4 Maces & Flails
 + Level 2.9 Polearms
 + Level 1.4 Staves
 + Level 8.6 Ranged Weapons
 + Level 1.4 Throwing
 + Level 6.6 Armour
 + Level 1.4 Dodging
 + Level 2.7 Stealth
 + Level 1.4 Shields
 + Level 1.4 Unarmed Combat
 + Level 1.4 Spellcasting
 + Level 1.1 Conjurations
 + Level 1.1 Hexes
 + Level 1.1 Summonings
 + Level 1.1 Necromancy
 + Level 1.1 Translocations
 + Level 1.1 Transmutations
 + Level 1.1 Fire Magic
 + Level 1.1 Ice Magic
 + Level 1.1 Air Magic
 + Level 1.1 Earth Magic
 + Level 1.1 Poison Magic
 + Level 1.5 Invocations
 + Level 1.4 Evocations
 + Level 1.2 Shapeshifting


You had 6 spell levels left.
You didn't know any spells.
Your spell library was empty.

Dungeon Overview and Level Annotations

Branches:
Dungeon (3/15)

Altars:

Shops:
D:1 (   D:3 =

Annotations:
D:3 Sigmund


Innate Abilities, Weirdness & Mutations

You have very sharp teeth.
Your uncanny sense of smell can sniff out nearby items.
Your experience applies equally to all skills.
You have a pair of small horns on your head.
You are partially covered in iridescent scales. (AC +2)
You sometimes lose your temper in combat.
Your mind is acute. (Int +4, Str/Dex -1)
Your body sometimes deteriorates upon taking damage.


Message History

Sigmund gestures at you while chanting.
You are more confused.
You bump into the rock wall.
Sigmund gestures wildly while chanting.
Sigmund flickers and vanishes!
Deactivating autopickup; reactivate with Ctrl-A.
The orc completely misses you. The orc attacks as it pursues you!
The orc closely misses you. The orc hits you with a +0 dagger.
Found a helmet.
Found an escape hatch in the ceiling.
The orc attacks as it pursues you! The orc hits you with a +0 falchion.
You bump into the rock wall.
You bump into the rock wall.
The orc closely misses you. The orc hits you but does no damage.
You bump into the rock wall.
Something hits you! The orc misses you. The orc closely misses you.
You clumsily bash the orc but do no damage.
You bite the orc, but do no damage. The orc misses you.
The orc hits you with a +0 dagger. Something hits you.
The orc closely misses you. The orc hits you with a +0 dagger.
* * * LOW HITPOINT WARNING * * *
Something hits you but does no damage.
You feel less confused.
Found a stone staircase leading down.
Found a potion of invisibility.
Something hits you.
* * * LOW HITPOINT WARNING * * *
The orc attacks as it pursues you! The orc hits you with a +0 falchion.
* * * LOW HITPOINT WARNING * * *
The orc attacks as it pursues you! The orc barely misses you.
There is an escape hatch in the ceiling here.
The orc hits you with a +0 falchion.
* * * LOW HITPOINT WARNING * * *
Your body deteriorates!
You feel clumsy. A mysterious force pulls you upwards.
The hatch slams shut behind you.
Reactivating autopickup.
a - a +0 spear (weapon)
You barely miss the orc. You headbutt the orc.
The orc is moderately wounded.
The orc hits you with a +0 falchion.
You die...

#...#.####.### ##############
#...#..>.....# #.............
#...###....#.###.############
#...###....#...#.## ....P..P.
#.................#..P.....PP
#...###....###.##############
#...# #......................
###..## #...............#......
#.#..# #.....@....#.........#.
#.#..####.....o................
#....#....######.............#.
#.#.........<................#.
#.####.###.#.###.#####..#.#..#.
#.##....................#......
#.####.#.........#.####.#.##.#.
#........)...................#.
######.###..#....#.####.######.


You could see an orc.

Vanquished Creatures
  Terence (D:3)
  An orc wizard (D:3)
  3 adders (D:2)
  A worm (D:2)
  A dart slug (D:1)
  An orc (D:3)
  4 endoplasms
  3 goblins
  5 hobgoblins
  2 quokkas (D:1)
  5 ball pythons
  8 bats
  2 frilled lizards
  2 kobolds
  7 rats
46 creatures vanquished.

Notes
Turn   | Place    | Note
-------+----------+-------------------------------------------
     0 | D:1      | promet the Gnoll Wanderer began the quest for the Orb.
     0 | D:1      | promet set off with the following items: a +3 sling, a +0
                  | spear, a potion of invisibility, a +0 robe.
     0 | D:1      | Reached XP level 1. HP: 17/17 MP: 1/1
   244 | D:1      | Found Ymainor's Antique Weapon Shoppe.
   321 | D:1      | Reached XP level 2. HP: 23/23 MP: 2/2
   554 | D:1      | Gained mutation: You have hidden genetic defects. [potion
                  | of mutation]
   554 | D:1      | Gained mutation: Your mind is acute. (Int +4, Str/Dex -1)
                  | [potion of mutation]
   554 | D:1      | Gained mutation: You are partially covered in iridescent
                  | scales. (AC +2) [potion of mutation]
   554 | D:1      | Gained mutation: You have a pair of small horns on your
                  | head. [potion of mutation]
   642 | D:1      | Gained mutation: Your body sometimes deteriorates upon
                  | taking damage. [hidden defects]
   983 | D:1      | Gained mutation: You sometimes lose your temper in combat.
                  | [hidden defects]
   983 | D:1      | Lost mutation: You have hidden genetic defects. [hidden
                  | defects expressed]
  1154 | D:2      | Reached XP level 3. HP: 22/28 MP: 2/4
  1275 | D:2      | Reached skill level 1 in Invocations
  1310 | D:2      | Reached skill level 1 in Short Blades
  1310 | D:2      | Reached skill level 1 in Long Blades
  1310 | D:2      | Reached skill level 1 in Axes
  1310 | D:2      | Reached skill level 1 in Maces & Flails
  1310 | D:2      | Reached skill level 1 in Staves
  1310 | D:2      | Reached skill level 1 in Throwing
  1310 | D:2      | Reached skill level 1 in Dodging
  1310 | D:2      | Reached skill level 1 in Shields
  1310 | D:2      | Reached skill level 1 in Unarmed Combat
  1310 | D:2      | Reached skill level 1 in Spellcasting
  1310 | D:2      | Reached skill level 1 in Evocations
  2082 | D:2      | Reached skill level 1 in Shapeshifting
  2082 | D:2      | Reached XP level 4. HP: 34/34 MP: 5/5
  2345 | D:3      | Noticed Sigmund
  2494 | D:3      | Found Enyceol's Jewellery Boutique.
  2557 | D:3      | Reached skill level 1 in Conjurations
  2557 | D:3      | Reached skill level 1 in Hexes
  2557 | D:3      | Reached skill level 1 in Summonings
  2557 | D:3      | Reached skill level 1 in Necromancy
  2557 | D:3      | Reached skill level 1 in Translocations
  2557 | D:3      | Reached skill level 1 in Transmutations
  2557 | D:3      | Reached skill level 1 in Fire Magic
  2557 | D:3      | Reached skill level 1 in Ice Magic
  2557 | D:3      | Reached skill level 1 in Air Magic
  2557 | D:3      | Reached skill level 1 in Earth Magic
  2557 | D:3      | Reached skill level 1 in Poison Magic
  2923 | D:3      | Noticed Terence
  2944 | D:3      | Killed Terence
  2945 | D:3      | Reached XP level 5. HP: 29/40 MP: 7/7
  3143 | D:2      | Slain by an orc

Illustrated notes

Levels and vault maps discovered:
D:1:      dpeg_arrival_simpleton_c, layout_basic, serial_shops,
          nicolae_shop_overgrown_old_shop
D:2:      layout_basic, serial_aquarium, aquarium_bridge_square
          [aquarium_subvault_wall, aquarium_subvault_bridge,
          aquarium_subvault_window, aquarium_subvault_bridge],
          aquarium_window_corridor_1, aquarium_window_fake, aquarium_view_2d,
          aquarium_pool_side, minmay_hedge_maze, kennysheep_doodads,
          serial_bayou_ford_a
D:3:      layout_rooms, serial_shops, nicolae_shop_tiny_glass, uniq_sigmund,
          uniq_terence, uniq_grinder

Skill      XL: |  1  2  3  4 |
---------------+-------------+-----
Invocations    | 1 |  1.5
Short Blades   | 1 |  1.4
Long Blades    | 1 |  1.4
Axes           | 1 |  1.4
Maces & Flails | 1 |  1.4
Staves         | 1 |  1.4
Throwing       | 1 |  1.4
Dodging        | 1 |  1.4
Shields        | 1 |  1.4
Unarmed Combat | 1 |  1.4
Spellcasting   | 1 |  1.4
Evocations     | 1 |  1.4
Shapeshifting  | 1 |  1.2
Conjurations   | 1 |  1.1
Hexes          | 1 |  1.1
Summonings     | 1 |  1.1
Necromancy     | 1 |  1.1
Translocations | 1 |  1.1
Transmutations | 1 |  1.1
Fire Magic     | 1 |  1.1
Ice Magic      | 1 |  1.1
Air Magic      | 1 |  1.1
Earth Magic    | 1 |  1.1
Poison Magic   | 1 |  1.1
Fighting       | |  2.9
Polearms       | |  2.9
Ranged Weapons | |  8.6
Armour         | |  6.6
Stealth        | |  2.7

Action                     |  1- 3 |  4- 6 || total
---------------------------+-------+-------++-------
  Melee: Spear             |    23 |    29 ||    52
         Bite              |     1 |     1 ||     2
         Headbutt          |       |     6 ||     6
         Sling             |       |     1 ||     1
   Fire: Sling             |    59 |    30 ||    89
    Use: Scroll            |     4 |       ||     4
         Potion            |     1 |     1 ||     2
   Stab: Sleeping          |     1 |       ||     1
 Armour: Robe              |    14 |    33 ||    47
  Dodge: Dodged            |    23 |    17 ||    40

Table legend: (Time is in decaauts)
 A = Elapsed time spent in this place.
 B = Non-inter-level travel time spent in this place.
 C = Inter-level travel time spent in this place.
 D = Time resting spent in this place.
 E = Time spent auto-exploring this place.
 F = Levels seen in this place.
 G = Mean time per level.
                   A        B        C        D        E       F      G
               +--------+--------+--------+--------+--------+-----+--------+
         Total |   3148 |   3066 |     82 |    917 |    732 |   3 | 1049.3 |
       Dungeon |   3148 |   3066 |     82 |    917 |    732 |   3 | 1049.3 |
               +--------+--------+--------+--------+--------+-----+--------+

Top non-repeatable levels by time:
     D:2: 1380 daAuts
     D:1: 1031 daAuts
     D:3: 737 daAuts
